 Dungeon Crawl Stone Soup version 0.19.1 (webtiles) character file.

167 OrDronus the Chopper (level 5, 0/70 HPs)
             Began as a Minotaur Monk on Dec 18, 2016.
             Succumbed to Beholder179's ghost's sting
             ... on level 2 of the Dungeon.
             The game lasted 00:13:07 (3364 turns).

OrDronus the Chopper (Minotaur Monk)                Turns: 3364, Time: 00:13:07

Health: 0/70       AC: 22    Str: 20    XL:     5   Next: 23%
Magic:  4/4        EV:  2    Int: 12    God:
Gold:   166        SH:  0    Dex: 17    Spells: 0 memorised, 4 levels left

rFire  . . .     SeeInvis .     a - +0 hand axe
rCold  . . .     Gourm    .     (armour currently unavailable)
rNeg   + + +     Faith    .     (no shield)
rPois  +         Spirit   .     (helmet currently unavailable)
rElec  .         Reflect  .     (cloak currently unavailable)
rCorr  .         Harm     .     (gloves currently unavailable)
MR     .....     NoTele   +     (boots currently unavailable)
Stlth  ++........               (no amulet)
                                (no ring)
                                n - +3 ring of dexterity

@: mighty, brilliant, lethally poisoned (0 -> -1), exhausted, tree-form
(expiring), slowed, heavily drained, very slow
A: (retaliatory headbutt), (horns 0)
a: no special abilities


You were on level 2 of the Dungeon.
You were not hungry.
You were a tree.
You visited 1 branch of the dungeon, and saw 3 of its levels.

You collected 166 gold pieces.

Inventory:

Hand Weapons
 a - a +0 hand axe (weapon)
Armour
 b - a +0 robe
 f - a +0 ring mail (melded)
Jewellery
 n - a +3 ring of dexterity (left branch)
Scrolls
 d - 4 scrolls of remove curse {unknown}
 e - 2 scrolls of identify {unknown}
 g - a scroll of random uselessness {unknown}
 h - a scroll of fear {unknown}
 m - a scroll of immolation {unknown}
 o - 2 scrolls of blinking {unknown}
Potions
 j - a potion of lignification
 l - a potion of might
Comestibles
 c - a bread ration
 p - a meat ration
 q - 8 chunks of flesh
 s - 2 fruits


   Skills:
 + Level 4.7(3.4) Fighting
 + Level 4.8(3.5) Axes
 * Level 3.0(1.8) Armour
 + Level 4.1(2.8) Dodging
 - Level 1.5(0.3) Stealth


You had 4 spell levels left.
You didn't know any spells.

Dungeon Overview and Level Annotations

Branches:
Dungeon (3/15)

Altars:

Annotations:
D:2 Robin
D:3 Beholder179's ghost, amateur DrVM


Innate Abilities, Weirdness & Mutations

((You reflexively headbutt those who attack you in melee.))
((You have a pair of horns on your head.))


Message History

Okay, then.
You feel agile.
n - a +3 ring of dexterity (left branch)
* * * LOW HITPOINT WARNING * * *
You feel sick.
Okay, then.
* * * LOW HITPOINT WARNING * * *
You feel sick.
* * * LOW HITPOINT WARNING * * *
You feel sick.
* * * LOW HITPOINT WARNING * * *
You feel sick.
* * * LOW HITPOINT WARNING * * *
You feel sick.
* * * LOW HITPOINT WARNING * * *
You feel sick.
Your transformation is almost over.
* * * LOW HITPOINT WARNING * * *
You feel sick.
You die...

#.......+...........#.#
#.###...##..#########.#
#.# #...###.#.........#
####'###...###.#.#########
...............#.#
..........####...#
.........(# #...#
..........# #...#
..........# #..♣#
..........# #(########
########### #.#)....<#
#.#.####### #.........#
######### ######.#####.#
........# #........# #.#
........# #.###..#.###.#
........###.###..#.....#


There were no monsters in sight!

Vanquished Creatures
  4 gnolls
  3 adders
  An ooze (D:1)
  4 worms
  A dart slug (D:2)
  3 leopard geckos
  A ball python (D:1)
  2 giant cockroaches
  21 goblins
  5 hobgoblins
  10 jackals
  2 bats (D:2)
  A frilled lizard (D:2)
  13 kobolds
  2 rats (D:3)
73 creatures vanquished.

Notes
Turn   | Place    | Note
-------+----------+-------------------------------------------
     0 | D:1      | OrDronus the Minotaur Monk began the quest for the Orb.
     0 | D:1      | Reached XP level 1. HP: 19/19 MP: 0/0
   707 | D:1      | Reached XP level 2. HP: 27/27 MP: 1/1
  1133 | D:2      | Noticed Robin
  1156 | D:2      | Reached XP level 3. HP: 21/33 MP: 2/2
  1770 | D:2      | Reached skill level 1 in Armour
  2230 | D:2      | Reached XP level 4. HP: 41/41 MP: 3/3
  3061 | D:3      | Reached XP level 5. HP: 41/47 MP: 4/4
  3298 | D:3      | Noticed Beholder179's ghost (amateur DrVM)
  3351 | D:2      | HP: 3/70 [poisoned by Beholder179's ghost (sting)]
  3355 | D:2      | HP: 1/70 [poisoned by Beholder179's ghost (sting)]
  3362 | D:2      | HP: 1/70 [poisoned by Beholder179's ghost (sting)]
  3364 | D:2      | Succumbed to Beholder179's ghost's sting

Skill      XL: |  1  2  3  4  5 |
---------------+----------------+-----
Fighting       | 4 |  4.7
Axes           | 4 |  4.8
Armour         | 1 2 3 |  3.0
Dodging        | 4 |  4.1
Stealth        | |  1.5

Action                   |  1- 3 |  4- 6 || total
-------------------------+-------+-------++-------
Melee: Hand axe          |   107 |    85 ||   192
       Headbutt          |    20 |    15 ||    35
  Use: Potion            |       |     5 ||     5
 Stab: Sleeping          |     1 |     1 ||     2
  Eat: Chunk             |     3 |     5 ||     8
Armor: Robe              |     2 |       ||     2
       Ring mail         |    23 |    18 ||    41
Dodge: Dodged            |    51 |    40 ||    91
